AoeStats
← JVzer0

African Clearing

506227399Analyzed
4v4 RM · 19d ago on Sep 12, 2026· 69m 3s· 8 players
Game mode
Random Map
Map size
Large (8 player)
Population
200
Speed
Normal
Resources
Standard
Victory
Conquest
Starting age
Dark Age
Ending age
Imperial Age
RankedLock teamsTeams togetherTeam positionsShared explorationLock speedFull tech treeHidden civsTurbo modeCheats
Victory
Defeat
🇦🇷 Malians · Argentina
1050
+15
🇸🇪 Spanish · Sweden
994
+18
🇸🇪 Mongols · Sweden
973
+19
🇺🇸 Persians · United States
956
+19
🇩🇰 Franks · Denmark
1044
-18
🇩🇰 Britons · Denmark
1042
-18
🇩🇰 Mongols · Denmark
1032
-18
🇩🇰 Inca · Denmark
1005
-17
Xavier Mylaw
3:07 Loom
14:11 Feudal Age
16:37 Double-Bit Axe
18:56 Horse Collar
22:28 Castle Age
23:57 Bow Saw
23:51 Heavy Plow
28:48 Squires
28:49 Scale Mail Armor
29:31 Arson
30:03 Forging
31:32 Chain Mail Armor
31:57 Gold Mining
32:02 Stone Mining
37:21 Imperial Age
35:28 Wheelbarrow
37:11 Hand Cart
38:26 Gold Shaft Mining
38:26 Stone Shaft Mining
38:44 Crop Rotation
39:00 Iron Casting
39:56 Conscription
40:55 Chemistry
40:16 Ballistics
40:53 Elite Gbeto
42:54 Plate Mail Armor
58:13 Scale Barding Armor
58:10 Farimba
58:26 Light Cavalry
59:08 Husbandry
60:24 Bloodlines
60:42 Chain Barding Armor
65:17 Fortified Wall
65:18 Masonry
White
11:33 Loom
13:49 Feudal Age
13:57 Feudal Age
20:15 Castle Age
18:32 Double-Bit Axe
20:13 Stone Mining
21:15 Husbandry
22:41 Bloodlines
24:59 Forging
26:44 Wheelbarrow
27:39 Horse Collar
28:25 Town Watch
32:33 Scale Barding Armor
39:01 Imperial Age
37:45 Fletching
39:35 Gold Mining
40:03 Hand Cart
39:28 Elite Conquistador
41:06 Heavy Plow
42:38 Pikeman
43:19 Squires
43:04 Arson
44:38 Chemistry
44:15 Ballistics
44:06 Masonry
43:30 Elite Skirmisher
44:50 Thumb Ring
45:19 Scale Mail Armor
49:14 Halberdier
51:02 Iron Casting
50:43 Chain Mail Armor
52:41 Bodkin Arrow
56:35 Bracer
56:36 Padded Archer Armor
57:50 Masonry
60:33 Onager
62:07 Bow Saw
62:54 Leather Archer Armor
JVzer0
13:26 Loom
16:11 Feudal Age
17:56 Horse Collar
19:44 Wheelbarrow
22:34 Town Watch
28:35 Castle Age
28:58 Scale Barding Armor
29:12 Forging
29:33 Double-Bit Axe
31:02 Bow Saw
30:55 Heavy Plow
34:45 Chain Barding Armor
35:00 Iron Casting
35:00 Bloodlines
35:26 Gold Mining
35:28 Stone Mining
36:11 Husbandry
39:29 Hand Cart
39:14 Town Patrol
47:50 Imperial Age
48:14 Cavalier
50:17 Savar
52:18 Plate Barding Armor
53:54 Blast Furnace
53:50 Citadels
55:24 Kamandaran
59:57 Fletching
61:13 Gold Shaft Mining
61:43 Two-Man Saw
61:14 Crop Rotation
61:21 Stone Shaft Mining
61:04 Bodkin Arrow
61:10 Scale Mail Armor
61:10 Padded Archer Armor
61:40 Ballistics
62:20 Chemistry
67:24 Caravan
67:20 Light Cavalry
Khan Asparuh
4:53 Loom
12:36 Feudal Age
19:31 Fletching
25:49 Castle Age
28:10 Bodkin Arrow
28:04 Double-Bit Axe
30:07 Bow Saw
33:31 Husbandry
36:34 Bloodlines
40:09 Imperial Age
38:18 Wheelbarrow
37:29 Town Watch
41:23 Bracer
42:07 Scale Barding Armor
41:29 Elite Steppe Lancer
46:55 Chain Barding Armor
46:58 Forging
52:21 Hand Cart
53:41 Iron Casting
57:44 Blast Furnace
59:09 Onager
62:52 Drill
62:53 Conscription
63:16 Siege Onager
63:32 Light Cavalry
64:34 Caravan
65:44 Hussar
devrim4429
15:24 Feudal Age
20:33 Castle Age
22:47 Double-Bit Axe
26:36 Bow Saw
28:11 Wheelbarrow
29:04 Gold Mining
29:05 Stone Mining
30:14 Husbandry
31:59 Scale Barding Armor
33:35 Chain Barding Armor
33:26 Forging
36:50 Hand Cart
42:01 Imperial Age
42:09 Cavalier
44:39 Plate Barding Armor
44:40 Iron Casting
44:24 Heavy Scorpion
44:32 Heavy Scorpion
46:49 Paladin
53:25 Gold Shaft Mining
66:14 Blast Furnace
Yavuz
12:21 Feudal Age
13:10 Double-Bit Axe
20:26 Castle Age
18:40 Fishing Lines
20:45 Stone Mining
21:42 Bow Saw
21:18 Horse Collar
23:28 Gillnets
24:47 Gold Mining
25:58 Wheelbarrow
25:09 Loom
27:36 Hand Cart
28:54 Fletching
29:06 Husbandry
29:39 Bodkin Arrow
29:56 Padded Archer Armor
30:25 Bloodlines
30:17 Light Cavalry
31:42 Ballistics
31:57 Leather Archer Armor
34:52 Imperial Age
35:19 Nomads
35:43 Bracer
35:41 Elite Mangudai
36:50 Scale Barding Armor
36:56 Forging
38:02 Conscription
38:38 Chain Barding Armor
37:40 Hussar
40:25 Iron Casting
41:38 Chemistry
51:48 Blast Furnace
55:47 Thumb Ring
56:08 Parthian Tactics
63:59 Heavy Scorpion
sezayi83
12:44 Feudal Age
21:08 Castle Age
35:23 Elite Skirmisher
38:52 Ballistics
39:17 Horse Collar
39:49 Padded Archer Armor
39:40 Fletching
42:42 Leather Archer Armor
42:23 Bodkin Arrow
49:19 Imperial Age
50:01 Bracer
51:36 Chemistry
52:00 Ring Archer Armor
61:01 Onager
oz
4:00 Loom
4:08 Loom
16:17 Feudal Age
18:33 Wheelbarrow
22:48 Double-Bit Axe
34:53 Castle Age
32:39 Town Watch
35:58 Hand Cart
46:50 Fletching
47:00 Padded Archer Armor
49:51 Bodkin Arrow
50:11 Leather Archer Armor
51:30 Bow Saw
52:24 Gold Mining
53:50 Leather Archer Armor
54:53 Ballistics
58:03 Imperial Age
56:53 Stone Mining
58:09 Town Patrol
60:42 Conscription
60:52 Crossbowman
Connection lost

Rejoining the realm…

Still unreachable

The connection could not be restored.

Session expired

The server has moved on; the page needs a fresh start.